 Dungeon Crawl Stone Soup version 0.31-a0-216-g22e908daa7 (webtiles) character file.

Game seed: 5724699942176479446

26917 qw the Cleaver (level 13, -11/84 HPs)
             Began as a Gargoyle Fighter on July 2, 2023.
             Was an Elder of Okawaru.
             Killed from afar by a rime drake (13 damage)
             ... with an icy flash freeze
             ... on level 5 of the Lair of Beasts.
             The game lasted 00:06:43 (14434 turns).

qw the Cleaver (Gargoyle Fighter)                  Turns: 14434, Time: 00:06:43

Health: -11/84     AC: 28    Str: 27    XL:     13   Next: 29%
Magic:  17/17      EV: 11    Int: 14    God:    Okawaru [****..]
Gold:   485        SH:  7    Dex: 15    Spells: 12/12 levels left

rFire   . . .        q - +0 broad axe
rCold   + . .        c - +0 buckler
rNeg    + + .        i - +2 plate armour
rPois   inf          (no helmet)
rElec   +            (no cloak)
rCorr   .            (no gloves)
SInv    .            (no boots)
Will    .....        (no amulet) Stlth
                     k - ring of Wussekhli {rC+ rN+ Str+3 Int+4}
HPRegen 0.34/turn    e - +6 ring of dexterity
MPRegen 0.15/turn

%: no passive effects
@: about to teleport, heroic
A: sickness immunity, AC +9, negative energy resistance 1, electricity
resistance, torment resistance 1, petrification resistance
a: Renounce Religion, Heroism, Finesse


You were on level 5 of the Lair of Beasts.
You worshipped Okawaru.
Okawaru was greatly pleased with you.
You visited 3 branches of the dungeon, and saw 15 of its levels.

You collected 836 gold pieces.
You spent 351 gold pieces at shops.


Innate Abilities, Weirdness & Mutations

You are immune to sickness and miasma.
Your stone body is resilient. (AC +9)
You are immune to poison.
You resist negative energy. (rN+)
You are resistant to electric shocks. (rElec)
You are resistant to unholy torment.
You are immune to petrification.


   Skills:
 - Level 11.0(16.0) Fighting
 + Level 14.0(19.0) Axes
 - Level 5.1(10.1) Throwing
 - Level 9.1(14.1) Armour
 - Level 3.0(8.0) Dodging
 - Level 7.2(12.2) Shields
 + Level 6.3 Invocations


You had 12 spell levels left.
You didn't know any spells.
Your spell library was empty.

Inventory:

Hand Weapons
 q - a +0 broad axe (weapon)
 v - a +1 flail of protection
Missiles
 l - a javelin
Armour
 b - a +0 pair of gloves
 c - a +0 buckler (worn)
 h - a +0 helmet
 i - a +2 plate armour (worn)
 j - a +0 cloak
 s - a +0 pair of boots
Jewellery
 e - a +6 ring of dexterity (right hand)
 k - the ring of Wussekhli (left hand) {rC+ rN+ Str+3 Int+4}
   (You found it on level 3 of the Dungeon)

   [ring of protection from cold]

   Str:       It affects your strength (+3).
   Int:       It affects your intelligence (+4).
   rC:        It protects you from cold.
   rN:        It protects you from negative energy.
 o - a ring of fire
 p - an amulet of the acrobat
 u - an amulet of reflection
 z - a ring of ice
Scrolls
 m - 2 scrolls of identify
 t - 2 scrolls of teleportation
Potions
 a - a potion of curing
 d - 2 potions of might
 f - 2 potions of mutation
 g - a potion of lignification
 n - a potion of haste
 r - 2 potions of attraction
 w - a potion of enlightenment

Dungeon Overview and Level Annotations

Branches:
Dungeon (9/15)             Temple (1/1) D:7            Lair (5/5) D:8
 Shoals (0/4) Lair:3       Spider (0/4) Lair:2
  Slime: Lair:4-5       Orc: D:9-12

Altars:
Cheibriados
Dithmenos
Elyvilon
Fedhas
Gozag
Hepliaklqana
Kikubaaqudgha
Makhleb
Nemelex Xobeh
Okawaru
Qazlal
Ru
Sif Muna
Trog
Uskayaw
Vehumet
Wu Jian
Yredelemnul
Zin
The Shining One

Shops:
D:4 ?   D:5 =[**   D:6 *=   D:8 (

Annotations:
D:6 2 transporters, qw's ghost, amateur GrFi


Message History

You slice the cane toad!!
The cane toad is almost dead.
You hit the komodo dragon but do no damage.
You slice the sea snake!! The sea snake bites you. The komodo dragon bites you!
The cane toad barely misses you.
You slash the cane toad!
You kill the cane toad!
Okawaru accepts your kill.
You closely miss the sea snake. You barely miss the komodo dragon.
The rime drake breathes ice at you. You block the icy flash freeze.
You block the sea snake's attack.
You slice the sea snake!!
The sea snake is severely wounded.
You slash the komodo dragon!
A hornet comes into view.
The komodo dragon bites you!
14431 ||| READING 3 scrolls of teleportation.
As you read the scroll of teleportation, it crumbles to dust.
You feel strangely unstable. You block the sea snake's attack.
The rime drake bites you but does no damage.
The komodo dragon bites you! You block the sea snake's attack.
You slice the sea snake!!
You kill the sea snake!
Okawaru accepts your kill.
You can now speed up your combat.
You hit the rime drake. You slice the komodo dragon!!
The rime drake bites you but does no damage.
The komodo dragon completely misses you.
Your base Armour skill increases to level 9!
You slash the komodo dragon!
You kill the komodo dragon!
Okawaru accepts your kill.
You slash the rime drake! The rime drake bites you.
You closely miss the rime drake.
The rime drake is severely wounded.
The rime drake breathes ice at you. The icy flash freeze hits you!
You partially resist.
You die...

.###.......##
..............# #####.
..............###.#.P..
...(...................
.......................
.......................
...............%.......
.........~~...@k..~..~.
....(..<..##~~#h~~~#~~
.........~##.~##~~~#
..........~~~~~~~(~~~~~
.........~~~~~##P###~~~
.........~##..# ~~~ ~.
.........~~#~~# #~#~ S
.........~~~~~# ~~
..........~~~P# .~


You could see a polar bear and a rime drake (catching breath).

Vanquished Creatures
  Fannar (Lair:1)
  4 hydras
  A boulder beetle (Lair:4)
  2 death yaks (Lair:2)
  2 sea snakes (Lair:5)
  Pikel (D:6)
  4 elephants (Lair:3)
  2 black mambas
  2 torpor snails
  5 cane toads
  5 rime drakes
  6 komodo dragons
  2 polar bears
  12 blink frogs
  A hornet (D:7)
  A snapping turtle (Lair:5)
  Sigmund (D:3)
  4 culicivoras (Lair:2)
  23 yaks
  Grum (D:8)
  A wyvern (Lair:2)
  Eustachio (D:6)
  11 water moccasins
  2 orc warriors (D:8)
  2 black bears
  A sky beast (D:7)
  Duvessa (D:5)
  2 ogres
  12 wolves
  9 centaurs
  2 kobold brigands (D:9)
  16 bullfrogs
  A scorpion (D:4)
  8 wights
  Dowan (D:5)
  A jelly (D:4)
  4 hounds
  2 orc priests
  Terence (D:3)
  5 hell rats (Lair:2)
  5 iguanas
  6 orc wizards
  Natasha (thrice) (D:3)
  Robin (D:3)
  7 adders
  13 river rats (Lair:2)
  2 shadow imps
  2 white imps
  3 ufetubi
  A worm (D:2)
  A dart slug (D:3)
  19 orcs
  8 endoplasms
  A giant cockroach (D:2)
  7 hobgoblins
  2 jackals (D:3)
  19 kobolds
  9 quokkas
  4 ball pythons
  2 bats
  2 frilled lizards
  17 goblins
  7 rats
304 creatures vanquished.

Notes
Turn   | Place    | Note
-------+----------+-------------------------------------------
     0 | D:1      | qw the Gargoyle Fighter began the quest for the Orb.
     0 | D:1      | Reached XP level 1. HP: 14/14 MP: 1/1
     0 | D:1      | 0 ||| qw: Version: 0.3-a-35-g05ef00e
     0 | D:1      | 0 ||| qw: Game counter: 7816
     0 | D:1      | 0 ||| qw: Melee chars always use a shield: true
     0 | D:1      | 0 ||| qw: God list: Okawaru
     0 | D:1      | 0 ||| qw: Allow faded altars: false
     0 | D:1      | 0 ||| qw: Do Orc after clearing Dungeon:15 true
     0 | D:1      | 0 ||| qw: Do second Lair branch before Depths: true
     0 | D:1      | 0 ||| qw: Lair rune preference: random
     0 | D:1      | 0 ||| qw: Goals: Normal, Zot:1-4, Slime:5, God:TSO, Crypt,
                  | Tomb, Abyss, Pan, Hells, Win
     0 | D:1      | 0 ||| PLANNING D:1-11
    68 | D:1      | Reached skill level 2 in Axes
   553 | D:1      | Reached XP level 2. HP: 19/19 MP: 2/2
   652 | D:1      | 652 ||| UPGRADING to +0 plate armour.
   662 | D:1      | 662 ||| DROPPING +0 scale mail.
   663 | D:1      | 663 ||| READING scroll labelled EPNYM ZUCSIQ.
   664 | D:1      | 664 ||| READING scroll labelled FYEZUHIJYA.
   665 | D:1      | 665 ||| READING scroll labelled RUURIUQ WOTUNO.
   666 | D:1      | 666 ||| READING 2 scrolls labelled POYNLAT XEORADD.
   667 | D:1      | 667 ||| DRINKING 2 sedimented red potions.
   668 | D:1      | 668 ||| DROPPING potion of invisibility.
   669 | D:1      | 669 ||| DROPPING scroll of immolation.
   698 | D:2      | 698 ||| STAIRDANCE
   769 | D:2      | Reached skill level 3 in Axes
   790 | D:2      | Reached XP level 3. HP: 23/23 MP: 3/3
   817 | D:2      | 817 ||| Stepping ~*~*~tactically~*~*~ (hiding).
   819 | D:2      | 819 ||| Stepping ~*~*~tactically~*~*~ (hiding).
   943 | D:2      | Found a sparkling altar of Nemelex Xobeh.
  1091 | D:2      | 1091 ||| Stepping ~*~*~tactically~*~*~ (hiding).
  1094 | D:2      | Reached XP level 4. HP: 27/28 MP: 4/4
  1401 | D:2      | 1401 ||| DRINKING 2 red potions.
  1427 | D:3      | 1427 ||| Stepping ~*~*~tactically~*~*~ (stealth).
  1442 | D:3      | Reached skill level 4 in Axes
  1536 | D:3      | 1536 ||| Stepping ~*~*~tactically~*~*~ (hiding).
  1580 | D:3      | Noticed Sigmund
  1581 | D:3      | 1581 ||| Stepping ~*~*~tactically~*~*~ (hiding).
  1583 | D:3      | 1583 ||| Stepping ~*~*~tactically~*~*~ (hiding).
  1584 | D:3      | 1584 ||| Stepping ~*~*~tactically~*~*~ (hiding).
  1586 | D:3      | 1586 ||| Stepping ~*~*~tactically~*~*~ (hiding).
  1587 | D:3      | 1587 ||| Stepping ~*~*~tactically~*~*~ (hiding).
  1616 | D:3      | HP: 1/28 [something (9)]
  1620 | D:3      | Killed Sigmund
  1621 | D:3      | Reached skill level 5 in Axes
  1621 | D:3      | Reached XP level 5. HP: 3/32 MP: 5/5
  1621 | D:3      | Reached XP level 6. HP: 3/37 MP: 6/6
  1766 | D:3      | Noticed Robin
  1769 | D:3      | Noticed Terence
  1774 | D:3      | Killed Robin
  1795 | D:3      | Killed Terence
  1897 | D:3      | Found a radiant altar of Vehumet.
  1946 | D:3      | 1946 ||| Stepping ~*~*~tactically~*~*~ (hiding).
  1947 | D:3      | 1947 ||| Stepping ~*~*~tactically~*~*~ (hiding).
  2023 | D:3      | 2023 ||| Stepping ~*~*~tactically~*~*~ (hiding).
  2026 | D:3      | 2026 ||| Stepping ~*~*~tactically~*~*~ (hiding).
  2295 | D:3      | Identified the ring of Wussekhli {rC+ rN+ Str+3 Int+4}
  2309 | D:3      | Found a burning altar of Makhleb.
  2566 | D:3      | Noticed Natasha
  2570 | D:3      | Killed Natasha
  2586 | D:3      | 2586 ||| READING scroll of enchant weapon.
  2586 | D:3      | 2586 ||| ENCHANTING +1 war axe.
  2634 | D:3      | Noticed Natasha
  2635 | D:3      | 2635 ||| Stepping ~*~*~tactically~*~*~ (hiding).
  2652 | D:3      | Killed Natasha
  2714 | D:3      | 2714 ||| UPGRADING to ring of Wussekhli {rC+ rN+ Str+3
                  | Int+4}.
  2724 | D:3      | Noticed Natasha
  2737 | D:3      | Killed Natasha
  2738 | D:3      | Reached skill level 6 in Axes
  2771 | D:4      | 2771 ||| STAIRDANCE
  2818 | D:4      | HP: 9/38 [endoplasm (2)]
  2819 | D:4      | Reached skill level 1 in Dodging
  2819 | D:4      | Reached XP level 7. HP: 10/43 MP: 7/7
  2951 | D:4      | Found Geodwe Acaig's Magic Scroll Boutique.
  2955 | D:4      | 2955 ||| BUYING scroll of enchant armour (75 gold).
  2955 | D:4      | Bought a scroll of enchant armour for 75 gold pieces
  2955 | D:4      | 2955 ||| BUYING scroll of identify (20 gold).
  2955 | D:4      | Bought a scroll of identify for 20 gold pieces
  2955 | D:4      | 2955 ||| READING scroll of enchant armour.
  2955 | D:4      | 2955 ||| ENCHANTING +0 plate armour.
  2984 | D:4      | Reached skill level 7 in Axes
  3189 | D:4      | Found a glowing silver altar of Zin.
  3259 | D:4      | Found a white marble altar of Elyvilon.
  3260 | D:4      | Found a shadowy altar of Dithmenos.
  3266 | D:4      | 3266 ||| READING scroll of enchant armour.
  3266 | D:4      | 3266 ||| ENCHANTING +1 plate armour.
  3487 | D:5      | Entered Level 5 of the Dungeon
  3536 | D:5      | Reached XP level 8. HP: 48/48 MP: 8/8
  3581 | D:5      | 3581 ||| DROPPING +0 club.
  3683 | D:5      | Noticed Dowan
  3683 | D:5      | Noticed Duvessa
  3684 | D:5      | 3684 ||| Stepping ~*~*~tactically~*~*~ (hiding).
  3692 | D:5      | Killed Dowan
  3702 | D:5      | Killed Duvessa
  3837 | D:5      | Found Vudew's Antique Armour Emporium.
  3845 | D:5      | 3845 ||| SHOPLISTING +18 shield of the Gong {Loud rN+ Will+
                  | rCorr EV-5} (2205 gold, have 163).
  3903 | D:5      | Found Hiapoil's Jewellery Boutique.
  3907 | D:5      | 3907 ||| SHOPLISTING amulet of faith (600 gold, have 183).
  3907 | D:5      | 3907 ||| SHOPLISTING ring "Lueqiha" {rElec rPois rN++ EV+5
                  | Int-2} (907 gold, have 183).
  3907 | D:5      | 3907 ||| SHOPLISTING ring of positive energy (300 gold,
                  | have 183).
  3907 | D:5      | 3907 ||| SHOPLISTING ring of protection from cold (375
                  | gold, have 183).
  3907 | D:5      | 3907 ||| SHOPLISTING ring of resist corrosion (300 gold,
                  | have 183).
  3907 | D:5      | 3907 ||| SHOPLISTING ring of willpower (375 gold, have
                  | 183).
  4098 | D:5      | Found Dohib's General Store.
  4110 | D:5      | 4110 ||| BUYING +0 pair of boots (63 gold).
  4110 | D:5      | Bought a +0 pair of boots for 63 gold pieces
  4110 | D:5      | 4110 ||| BUYING potion of heal wounds (70 gold).
  4110 | D:5      | Bought a potion of heal wounds for 70 gold pieces
  4128 | D:5      | Found Hiazeyp's Assorted Antiques.
  4133 | D:5      | 4133 ||| BUYING blackened malachite amulet (75 gold).
  4133 | D:5      | Bought a blackened malachite amulet for 75 gold pieces
  4133 | D:5      | 4133 ||| SHOPLISTING glowing helmet (112 gold, have 30).
  4133 | D:5      | 4133 ||| SHOPLISTING potion of curing (45 gold, have 30).
  4133 | D:5      | 4133 ||| BUYING scroll labelled LIOPAEZ EGEO (15 gold).
  4133 | D:5      | Bought a scroll labelled LIOPAEZ EGEO for 15 gold pieces
  4133 | D:5      | 4133 ||| SHOPLISTING scroll of identify (30 gold, have 15).
  4237 | D:5      | 4237 ||| READING scroll labelled FUAMEV GAKK.
  4238 | D:5      | 4238 ||| READING scroll labelled LIOPAEZ EGEO.
  4239 | D:5      | 4239 ||| READING 2 scrolls of identify.
  4239 | D:5      | 4239 ||| IDENTIFYING smoky brown potion
  4300 | D:6      | Noticed Pikel
  4301 | D:6      | 4301 ||| Stepping ~*~*~tactically~*~*~ (stealth).
  4302 | D:6      | 4302 ||| Stepping ~*~*~tactically~*~*~ (stealth).
  4303 | D:6      | 4303 ||| Stepping ~*~*~tactically~*~*~ (stealth).
  4305 | D:6      | 4305 ||| Stepping ~*~*~tactically~*~*~ (stealth).
  4320 | D:6      | Killed Pikel
  4321 | D:6      | Reached skill level 9 in Axes
  4321 | D:6      | Reached XP level 9. HP: 38/54 MP: 9/9
  4321 | D:6      | 4321 ||| FLEEEEING.
  4322 | D:6      | 4322 ||| FLEEEEING.
  4323 | D:6      | 4323 ||| FLEEEEING.
  4324 | D:6      | 4324 ||| FLEEEEING.
  4325 | D:6      | 4325 ||| FLEEEEING.
  4326 | D:6      | 4326 ||| FLEEEEING.
  4327 | D:6      | 4327 ||| FLEEEEING.
  4328 | D:6      | 4328 ||| FLEEEEING.
  4329 | D:6      | 4329 ||| FLEEEEING.
  4330 | D:6      | 4330 ||| FLEEEEING.
  4331 | D:6      | 4331 ||| FLEEEEING.
  4332 | D:6      | 4332 ||| FLEEEEING.
  4333 | D:6      | 4333 ||| FLEEEEING.
  4334 | D:6      | 4334 ||| FLEEEEING.
  4335 | D:6      | 4335 ||| FLEEEEING.
  4336 | D:6      | 4336 ||| FLEEEEING.
  4337 | D:6      | 4337 ||| FLEEEEING.
  4338 | D:6      | 4338 ||| FLEEEEING.
  4339 | D:6      | 4339 ||| FLEEEEING.
  4340 | D:6      | 4340 ||| FLEEEEING.
  4341 | D:6      | 4341 ||| FLEEEEING.
  4342 | D:6      | 4342 ||| FLEEEEING.
  4343 | D:6      | 4343 ||| FLEEEEING.
  4344 | D:6      | 4344 ||| FLEEEEING.
  4345 | D:6      | 4345 ||| FLEEEEING.
  4346 | D:6      | 4346 ||| FLEEEEING.
  4347 | D:6      | 4347 ||| STAIRDANCE
  4436 | D:6      | 4436 ||| DRINKING 3 potions of curing.
  4436 | D:6      | 4436 ||| (to cure confusion)
  4452 | D:6      | Found Iniunkio's Jewellery Emporium.
  4460 | D:6      | 4460 ||| SHOPLISTING +5 ring of evasion (360 gold, have
                  | 29).
  4460 | D:6      | 4460 ||| SHOPLISTING +6 ring of dexterity (360 gold, have
                  | 29).
  4460 | D:6      | 4460 ||| SHOPLISTING ring "Miydoa" {Ice rPois Will+ Int-5
                  | Dex+5} (418 gold, have 29).
  4460 | D:6      | 4460 ||| SHOPLISTING ring of fire (250 gold, have 29).
  4460 | D:6      | 4460 ||| SHOPLISTING ring of protection from cold (250
                  | gold, have 29).
  4460 | D:6      | 4460 ||| SHOPLISTING ring of protection from fire (250
                  | gold, have 29).
  4494 | D:6      | Noticed Eustachio
  4506 | D:6      | Killed Eustachio
  4507 | D:6      | Reached skill level 6 in Fighting
  4520 | D:6      | Found a transporter.
  4521 | D:6      | Found a transporter.
  4521 | D:6      | Noticed qw's ghost (amateur GrFi)
  4623 | D:6      | 4623 ||| READING scroll of enchant weapon.
  4623 | D:6      | 4623 ||| ENCHANTING +2 war axe.
  4629 | D:6      | 4629 ||| DRINKING 2 potions of curing.
  4629 | D:6      | 4629 ||| (to cure confusion)
  4630 | D:6      | 4630 ||| DRINKING potion of curing.
  4630 | D:6      | 4630 ||| (to cure confusion)
  4755 | D:6      | Found a stormy altar of Qazlal.
  5194 | D:6      | Found Etzavesk's Assorted Antiques.
  5203 | D:6      | 5203 ||| SHOPLISTING encrusted lead wand (132 gold, have
                  | 58).
  5203 | D:6      | 5203 ||| BUYING scroll labelled CABLIKI LOMI (33 gold).
  5203 | D:6      | Bought a scroll labelled CABLIKI LOMI for 33 gold pieces
  5203 | D:6      | 5203 ||| SHOPLISTING scroll labelled CABLIKI LOMI (33 gold,
                  | have 25).
  5203 | D:6      | 5203 ||| SHOPLISTING scroll labelled GOUPNO RIDEPA (33
                  | gold, have 25).
  5203 | D:6      | 5203 ||| SHOPLISTING scroll labelled LOEGIC ELUHIY (33
                  | gold, have 25).
  5221 | D:6      | 5221 ||| READING scroll labelled PYWAMO BIOSCH.
  5322 | D:6      | 5322 ||| READING scroll labelled CABLIKI LOMI.
  5326 | D:6      | 5326 ||| DRINKING 2 bubbling cyan potions.
  5327 | D:6      | 5327 ||| DRINKING 2 fuming ruby potions.
  5328 | D:6      | 5328 ||| DRINKING 2 silvery potions.
  5329 | D:6      | 5329 ||| DROPPING potion of degeneration.
  5330 | D:6      | 5330 ||| DROPPING potion of brilliance.
  5381 | D:7      | Found a staircase to the Ecumenical Temple.
  5382 | D:7      | 5382 ||| PLANNING TEMPLE
  5387 | Temple   | Entered the Ecumenical Temple
  5399 | Temple   | 5399 ||| PLANNING D:1-11
  5452 | D:7      | Noticed a hornet
  5475 | D:7      | Killed a hornet
  5695 | D:7      | 5695 ||| DRINKING potion of curing.
  5695 | D:7      | 5695 ||| (to cure confusion)
  6149 | D:7      | 6149 ||| READING scroll labelled LOEGIC ELUHIY.
  6152 | D:8      | Noticed Grum
  6152 | D:8      | You fall into a shaft and drop 1 floor!
  6225 | D:8      | 6225 ||| Stepping ~*~*~tactically~*~*~ (hiding).
  6333 | D:8      | Found a blossoming altar of Fedhas.
  6414 | D:8      | Killed Grum
  6420 | D:8      | Reached skill level 10 in Axes
  6547 | D:8      | Found a staircase to the Lair.
  6551 | D:8      | 6551 ||| Stepping ~*~*~tactically~*~*~ (stealth).
  6553 | D:8      | 6553 ||| Stepping ~*~*~tactically~*~*~ (stealth).
  6591 | D:8      | 6591 ||| Stepping ~*~*~tactically~*~*~ (stealth).
  6603 | D:8      | Reached XP level 10. HP: 63/64 MP: 10/10
  6842 | D:8      | Reached skill level 6 in Armour
  6895 | D:8      | 6895 ||| Stepping ~*~*~tactically~*~*~ (hiding).
  6897 | D:8      | 6897 ||| Stepping ~*~*~tactically~*~*~ (hiding).
  6899 | D:8      | 6899 ||| Stepping ~*~*~tactically~*~*~ (hiding).
  6975 | D:8      | Found Xugadoq's Antique Weapon Emporium.
  6980 | D:8      | 6980 ||| SHOPLISTING polished war axe (280 gold, have 122).
  6980 | D:8      | 6980 ||| SHOPLISTING runed flail (214 gold, have 122).
  7123 | D:8      | 7123 ||| UPGRADING to +6 ring of dexterity.
  7124 | D:8      | 7124 ||| DRINKING 2 viscous yellow potions.
  7229 | D:8      | 7229 ||| READING 2 scrolls of identify.
  7229 | D:8      | 7229 ||| IDENTIFYING metallic inky potion
  7230 | D:8      | 7230 ||| DROPPING potion of berserk rage.
  7379 | D:9      | 7379 ||| FLEEEEING.
  7380 | D:9      | 7380 ||| FLEEEEING.
  7382 | D:9      | 7382 ||| STAIRDANCE
  7421 | D:9      | 7421 ||| Stepping ~*~*~tactically~*~*~ (stealth).
  7512 | D:9      | Found an iron altar of Okawaru.
  7513 | D:9      | 7513 ||| PLANNING OKAWARU WORSHIP
  7519 | D:9      | Became a worshipper of Warmaster Okawaru
  7520 | D:9      | 7520 ||| PLANNING D:1-11
  7618 | D:9      | 7618 ||| Stepping ~*~*~tactically~*~*~ (stealth).
  7624 | D:9      | Reached skill level 3 in Throwing
  7631 | D:9      | Reached * piety under Okawaru
  7635 | D:9      | 7635 ||| INVOKING Heroism.
  7638 | D:9      | Reached skill level 1 in Invocations
  7739 | D:9      | Found a hazy altar of Hepliaklqana.
  7857 | D:9      | 7857 ||| Stepping ~*~*~tactically~*~*~ (hiding).
  7860 | D:9      | 7860 ||| Stepping ~*~*~tactically~*~*~ (stealth).
  7904 | D:9      | 7904 ||| Stepping ~*~*~tactically~*~*~ (hiding).
  8022 | D:9      | 8022 ||| Stepping ~*~*~tactically~*~*~ (hiding).
  8023 | D:9      | 8023 ||| Stepping ~*~*~tactically~*~*~ (hiding).
  8260 | D:9      | 8260 ||| PLANNING LAIR
  8309 | Lair:1   | Entered Level 1 of the Lair of Beasts
  8368 | Lair:1   | Noticed a black mamba
  8369 | Lair:1   | 8369 ||| INVOKING Heroism.
  8374 | Lair:1   | Killed a black mamba
  8375 | Lair:1   | Reached skill level 3 in Invocations
  8396 | Lair:1   | 8396 ||| DROPPING +0 flail.
  8554 | Lair:1   | Reached ** piety under Okawaru
  8587 | Lair:1   | 8587 ||| INVOKING Heroism.
  8595 | Lair:1   | Reached skill level 11 in Axes
  8630 | Lair:1   | Noticed Fannar
  8649 | Lair:1   | 8649 ||| INVOKING Heroism.
  8671 | Lair:1   | Killed Fannar
  8672 | Lair:1   | Reached XP level 11. HP: 47/68 MP: 14/14
  8816 | Lair:1   | 8816 ||| INVOKING Heroism.
  8818 | Lair:1   | 8818 ||| Stepping ~*~*~tactically~*~*~ (stealth).
  8835 | Lair:1   | 8835 ||| INVOKING Heroism.
  8921 | Lair:1   | 8921 ||| INVOKING Heroism.
  8930 | Lair:1   | Reached skill level 9 in Fighting
  8946 | Lair:1   | 8946 ||| INVOKING Heroism.
  9091 | Lair:1   | Reached skill level 3 in Dodging
  9188 | Lair:1   | 9188 ||| DROPPING amulet of magic regeneration.
  9231 | Lair:2   | Noticed a six-headed hydra
  9232 | Lair:2   | 9232 ||| INVOKING Heroism.
  9233 | Lair:2   | 9233 ||| SWAPPING to +1 flail of protection.
  9245 | Lair:2   | Killed a six-headed hydra
  9246 | Lair:2   | 9246 ||| SWAPPING to +3 war axe.
  9364 | Lair:2   | 9364 ||| Stepping ~*~*~tactically~*~*~ (stealth).
  9366 | Lair:2   | 9366 ||| Stepping ~*~*~tactically~*~*~ (stealth).
  9378 | Lair:2   | 9378 ||| INVOKING Heroism.
  9412 | Lair:2   | 9412 ||| INVOKING Heroism.
  9422 | Lair:2   | 9422 ||| FLEEEEING.
  9423 | Lair:2   | 9423 ||| Stepping ~*~*~tactically~*~*~ (stealth).
  9424 | Lair:2   | 9424 ||| FLEEEEING.
  9425 | Lair:2   | 9425 ||| FLEEEEING.
  9426 | Lair:2   | 9426 ||| FLEEEEING.
  9428 | Lair:2   | 9428 ||| FLEEEEING.
  9429 | Lair:2   | 9429 ||| FLEEEEING.
  9430 | Lair:2   | 9430 ||| FLEEEEING.
  9431 | Lair:2   | 9431 ||| FLEEEEING.
  9432 | Lair:2   | 9432 ||| FLEEEEING.
  9433 | Lair:2   | 9433 ||| FLEEEEING.
  9434 | Lair:2   | 9434 ||| FLEEEEING.
  9435 | Lair:2   | 9435 ||| STAIRDANCE
  9557 | Lair:2   | 9557 ||| INVOKING Heroism.
  9634 | Lair:2   | 9634 ||| Stepping ~*~*~tactically~*~*~ (stealth).
  9758 | Lair:2   | 9758 ||| INVOKING Heroism.
  9785 | Lair:2   | 9785 ||| Stepping ~*~*~tactically~*~*~ (stealth).
  9787 | Lair:2   | 9787 ||| Stepping ~*~*~tactically~*~*~ (stealth).
  9803 | Lair:2   | 9803 ||| FLEEEEING.
  9804 | Lair:2   | 9804 ||| FLEEEEING.
  9806 | Lair:2   | 9806 ||| FLEEEEING.
  9807 | Lair:2   | 9807 ||| FLEEEEING.
  9808 | Lair:2   | 9808 ||| FLEEEEING.
  9809 | Lair:2   | 9809 ||| FLEEEEING.
  9810 | Lair:2   | 9810 ||| FLEEEEING.
  9811 | Lair:2   | 9811 ||| FLEEEEING.
  9813 | Lair:2   | 9813 ||| FLEEEEING.
  9814 | Lair:2   | 9814 ||| FLEEEEING.
  9815 | Lair:2   | 9815 ||| FLEEEEING.
  9816 | Lair:2   | 9816 ||| FLEEEEING.
  9817 | Lair:2   | 9817 ||| FLEEEEING.
  9818 | Lair:2   | 9818 ||| FLEEEEING.
  9819 | Lair:2   | 9819 ||| FLEEEEING.
  9820 | Lair:2   | 9820 ||| STAIRDANCE
  9968 | Lair:2   | Noticed a death yak
  9968 | Lair:2   | Noticed a death yak
  9969 | Lair:2   | 9969 ||| INVOKING Heroism.
  9969 | Lair:2   | Noticed a six-headed hydra
  9970 | Lair:2   | 9970 ||| Stepping ~*~*~tactically~*~*~ (stealth).
  9977 | Lair:2   | 9977 ||| SWAPPING to +1 flail of protection.
  9985 | Lair:2   | HP: 15/71 [torpor snail (6)]
  9986 | Lair:2   | 9986 ||| READING 2 scrolls of teleportation.
  9987 | Lair:2   | 9987 ||| DRINKING 2 potions of heal wounds.
  9988 | Lair:2   | Killed a death yak
  9988 | Lair:2   | Reached *** piety under Okawaru
  9989 | Lair:2   | Reached skill level 12 in Axes
  9989 | Lair:2   | 9989 ||| INVOKING Heroism.
  9990 | Lair:2   | 9990 ||| SWAPPING to +3 war axe.
 10145 | Lair:2   | 10145 ||| Stepping ~*~*~tactically~*~*~ (stealth).
 10165 | Lair:2   | 10165 ||| Stepping ~*~*~tactically~*~*~ (stealth).
 10215 | Lair:2   | 10215 ||| Stepping ~*~*~tactically~*~*~ (hiding).
 10215 | Lair:2   | Found a hole to the Spider Nest.
 10217 | Lair:2   | 10217 ||| Stepping ~*~*~tactically~*~*~ (hiding).
 10228 | Lair:2   | 10228 ||| INVOKING Heroism.
 10234 | Lair:2   | Reached skill level 6 in Shields
 10289 | Lair:2   | 10289 ||| Stepping ~*~*~tactically~*~*~ (stealth).
 10291 | Lair:2   | 10291 ||| INVOKING Heroism.
 10300 | Lair:2   | HP: 14/71 [culicivora (12)]
 10301 | Lair:2   | 10301 ||| READING scroll of teleportation.
 10302 | Lair:2   | 10302 ||| DRINKING potion of heal wounds.
 10318 | Lair:2   | 10318 ||| INVOKING Heroism.
 10332 | Lair:2   | HP: 13/71 [culicivora (15)]
 10375 | Lair:2   | 10375 ||| INVOKING Heroism.
 10554 | Lair:2   | 10554 ||| INVOKING Heroism.
 10632 | Lair:2   | 10632 ||| INVOKING Heroism.
 10653 | Lair:2   | Killed a death yak
 10654 | Lair:2   | Reached XP level 12. HP: 28/78 MP: 15/15
 10867 | Lair:2   | 10867 ||| INVOKING Heroism.
 11012 | Lair:2   | 11012 ||| Stepping ~*~*~tactically~*~*~ (stealth).
 11014 | Lair:2   | 11014 ||| Stepping ~*~*~tactically~*~*~ (stealth).
 11048 | Lair:2   | 11048 ||| INVOKING Heroism.
 11142 | Lair:2   | Noticed a five-headed hydra
 11143 | Lair:2   | 11143 ||| INVOKING Heroism.
 11147 | Lair:2   | 11147 ||| SWAPPING to +1 flail of protection.
 11156 | Lair:2   | Killed a five-headed hydra
 11157 | Lair:2   | 11157 ||| SWAPPING to +3 war axe.
 11454 | Lair:2   | 11454 ||| INVOKING Heroism.
 11544 | Lair:2   | 11544 ||| INVOKING Heroism.
 11546 | Lair:2   | 11546 ||| SWAPPING to +1 flail of protection.
 11557 | Lair:2   | Killed a six-headed hydra
 11558 | Lair:2   | Reached skill level 13 in Axes
 11558 | Lair:2   | 11558 ||| SWAPPING to +3 war axe.
 11754 | Lair:2   | 11754 ||| READING 4 scrolls of identify.
 11754 | Lair:2   | 11754 ||| IDENTIFYING orange potion
 11755 | Lair:2   | 11755 ||| READING 3 scrolls of identify.
 11755 | Lair:2   | 11755 ||| IDENTIFYING sedimented dark potion
 11756 | Lair:2   | 11756 ||| READING 2 scrolls of identify.
 11756 | Lair:2   | 11756 ||| IDENTIFYING white potion
 11757 | Lair:2   | 11757 ||| DROPPING potion of ambrosia.
 11838 | Lair:3   | Found a staircase to the Shoals.
 11839 | Lair:3   | 11839 ||| INVOKING Heroism.
 12015 | Lair:3   | 12015 ||| INVOKING Heroism.
 12021 | Lair:3   | Received a gift from Okawaru
 12384 | Lair:3   | 12384 ||| Stepping ~*~*~tactically~*~*~ (stealth).
 12386 | Lair:3   | 12386 ||| Stepping ~*~*~tactically~*~*~ (stealth).
 12406 | Lair:3   | Reached **** piety under Okawaru
 12483 | Lair:3   | 12483 ||| Stepping ~*~*~tactically~*~*~ (hiding).
 12775 | Lair:3   | 12775 ||| Stepping ~*~*~tactically~*~*~ (stealth).
 12777 | Lair:3   | 12777 ||| INVOKING Heroism.
 12786 | Lair:3   | Received a gift from Okawaru
 13054 | Lair:4   | 13054 ||| INVOKING Heroism.
 13086 | Lair:4   | 13086 ||| INVOKING Heroism.
 13094 | Lair:4   | Reached skill level 14 in Axes
 13175 | Lair:4   | 13175 ||| Stepping ~*~*~tactically~*~*~ (stealth).
 13176 | Lair:4   | 13176 ||| Stepping ~*~*~tactically~*~*~ (stealth).
 13179 | Lair:4   | 13179 ||| INVOKING Heroism.
 13189 | Lair:4   | Reached XP level 13. HP: 83/83 MP: 15/17
 13273 | Lair:4   | 13273 ||| INVOKING Heroism.
 13277 | Lair:4   | 13277 ||| SWAPPING to +1 flail of protection.
 13281 | Lair:4   | 13281 ||| SWAPPING to +3 war axe.
 13454 | Lair:4   | Reached skill level 6 in Invocations
 13659 | Lair:4   | 13659 ||| SWAPPING to +0 broad axe.
 13667 | Lair:4   | 13667 ||| INVOKING Heroism.
 13792 | Lair:4   | 13792 ||| DROPPING +3 war axe.
 13983 | Lair:4   | 13983 ||| INVOKING Heroism.
 14135 | Lair:4   | 14135 ||| INVOKING Heroism.
 14208 | Lair:5   | Entered Level 5 of the Lair of Beasts
 14229 | Lair:5   | 14229 ||| INVOKING Heroism.
 14404 | Lair:5   | 14404 ||| Stepping ~*~*~tactically~*~*~ (water).
 14411 | Lair:5   | 14411 ||| INVOKING Heroism.
 14430 | Lair:5   | HP: 12/84 [komodo dragon (11)]
 14431 | Lair:5   | 14431 ||| READING 3 scrolls of teleportation.
 14431 | Lair:5   | HP: 5/84 [komodo dragon (7)]
 14433 | Lair:5   | Reached skill level 9 in Armour
 14433 | Lair:5   | HP: 1/84 [rime drake (4)]
 14434 | Lair:5   | Killed from afar by a rime drake

Levels and vault maps discovered:
D:1:      dreamdust_arrival_sigmund_warning, layout_loops_cross
D:2:      layout_rooms, basic_altar, minmay_goblin_kobold_house
D:3:      layout_basic, mainiacjoe_overflow_surrounded_room,
          mainiacjoe_overflow_24_doors, moated_statue, solitary_fountain,
          uniq_terence, uniq_robin, uniq_natasha, uniq_sigmund
D:4:      layout_basic, mainiacjoe_overflow_brackets,
          gammafunk_temple_overflow_pools, serial_shops,
          nicolae_shop_competitors_out_of_business
D:5:      layout_gridville, serial_shops, shop, shop, nicolae_shop_hallway_plus,
          nicolae_shop_back_alley_shop, minmay_misc_feat_chi, uniq_duvessa
D:6:      layout_cave_pods, grunt_qazlal_clouds, gammafunk_ghost_smash,
          serial_shops, shop, shop, hangedman_decor_clover_reticule,
          kennysheep_generic_room_15, uniq_pikel, uniq_eustachio
D:7:      layout_loops_cross, minmay_temple_entry_butterflies, serial_glass,
          glass_columns_a, glass_columns_a
D:8:      layout_rooms, fedhas_bush_and_centaur_altar, lair_entry_dummy,
          serial_shops, shop, uniq_grum
D:9:      layout_gridville, nicolae_hepliaklqana_hippocampus,
          mainiacjoe_overflow_alcove_2
Temple:   minmay_freezing_vapour_temple
Lair:1:   layout_gridlike, uniq_fannar
Lair:2:   lemuel_ratsnest, layout_chaotic_city,
          hellmonk_spider_entry_life_and_decay
Lair:3:   layout_cave_pods, minmay_shoals_entry_centaurs
Lair:4:   layout_cave_pods, grunt_megastairs_1, infiniplex_staircase_pool_2,
          lemuel_fruit_tree
Lair:5:   gammafunk_lair_ancient_temple, layout_regular_city,
          nicolae_slime_entry_slimehenge, serial_bayou_shore_b,
          grunt_megastairs_2, serial_bayou_shore_b

Skill      XL: |  1  2  3  4  5  6  7  8  9 10 11 12 13 |
---------------+----------------------------------------+-----
Axes           | 2 3 5 6 7 9 10 11 12 14 | 14.0
Fighting       | 4 5 7 8 10 11 | 11.0
Dodging        | 1 2 3 |  3.0
Throwing       | 2 4 5 |  5.1
Armour         | 4 5 6 7 8 9 |  9.1
Shields        | 4 5 6 7 |  7.2
Invocations    | 4 5 6 |  6.3

Action                     |  1- 3 |  4- 6 |  7- 9 | 10-12 | 13-15 || total
---------------------------+-------+-------+-------+-------+-------++-------
  Melee: War axe           |    86 |   132 |   210 |   561 |     9 ||   998
         Flail             |       |       |       |    39 |     3 ||    42
         Broad axe         |       |       |       |       |    74 ||    74
  Throw: Javelin           |       |       |    34 |    51 |    17 ||   102
         Boomerang         |       |       |     9 |    65 |       ||    74
 Invoke: Heroism           |       |       |       |    32 |     6 ||    38
    Use: Scroll            |     4 |     1 |     9 |     6 |     1 ||    21
         Potion            |     1 |     1 |     7 |     3 |       ||    12
   Stab: Invisible         |     2 |       |       |       |       ||     2
         Distracted        |       |       |       |     1 |       ||     1
 Armour: Scale mail        |    13 |       |       |       |       ||    13
         Plate armour      |    52 |    99 |   170 |   365 |    36 ||   722
  Dodge: Dodged            |    34 |    34 |    84 |   242 |    21 ||   415
  Block: Buckler           |    17 |    20 |    41 |   164 |    29 ||   271

Table legend:
 A = Non-vault XP
 B = Vault XP
 C = Vault XP percentage of total XP
 D = Non-vault monster count
 E = Vault monster count
 F = Vault count percentage of total count
                 A         B        C        D         E       F
            +---------+---------+-------+---------+---------+-------
      Total |   29234 |    9220 |  24.0 |     223 |      81 |  26.6
            +---------+---------+-------+---------+---------+-------
        D:1 |      18 |       0 |   0.0 |      11 |       0 |   0.0
        D:2 |      66 |       8 |  10.8 |      15 |       5 |  25.0
        D:3 |     161 |     336 |  67.6 |      18 |      16 |  47.1
        D:4 |     466 |       0 |   0.0 |      14 |       0 |   0.0
        D:5 |     458 |     199 |  30.3 |      13 |       2 |  13.3
        D:6 |     352 |     881 |  71.5 |      14 |       3 |  17.6
        D:7 |     786 |       0 |   0.0 |      11 |       0 |   0.0
        D:8 |     879 |     532 |  37.7 |      14 |       4 |  22.2
        D:9 |    2346 |       0 |   0.0 |      28 |       0 |   0.0
     Lair:1 |    3517 |     889 |  20.2 |      17 |       1 |   5.6
     Lair:2 |    8156 |    2648 |  24.5 |      27 |      40 |  59.7
     Lair:3 |    7244 |     230 |   3.1 |      27 |       2 |   6.9
     Lair:4 |    4785 |     761 |  13.7 |      14 |       2 |  12.5
     Lair:5 |       0 |    2736 | 100.0 |       0 |       6 | 100.0
            +---------+---------+-------+---------+---------+-------
